 Dungeon Crawl Stone Soup version 0.28.0-1-gb440e238dd (webtiles) character file.

Game seed: 4129451102863626853

90 RascalDebosk the Firebug (level 4, -1/35 HPs)
             Began as a Draconian Fire Elementalist on Feb 20, 2022.
             Slain by Natasha (5 damage)
             ... on level 2 of the Dungeon.
             The game lasted 00:32:10 (2430 turns).

RascalDebosk the Firebug (DrFE)                     Turns: 2430, Time: 00:32:14

Health: -1/35      AC:  5    Str: 17    XL:     4   Next: 32%
Magic:  1/8        EV: 12    Int: 17    God:
Gold:   57         SH:  0    Dex: 11    Spells: 1/8 levels left

rFire   . . .      SeeInvis .   d - +0 dagger
rCold   . . .      Faith    .   (no shield)
rNeg    . . .      Spirit   .   (armour unavailable)
rPois   .          Reflect  .   (helmet restricted)
rElec   .          Harm     .   c - scarf {+Inv}
rCorr   .          Rampage  .   (no gloves)
Will    .....                   (no boots)
Stlth   ++........              (no amulet)
HPRegen 0.11/turn               f - +6 ring of strength
MPRegen 0.11/turn               (no ring)

@: no status effects
A: AC +5, unfitting armour, cold-blooded
a: Evoke Invisibility


You were on level 2 of the Dungeon.
You visited 1 branch of the dungeon, and saw 2 of its levels.

You collected 57 gold pieces.

Inventory:

Hand Weapons
 b - a +0 hand axe
 d - a +0 dagger (weapon)
Armour
 c - a scarf of invisibility (worn)
Jewellery
 f - a +6 ring of strength (left hand)
Scrolls
 e - a scroll of enchant weapon {unknown}
 h - a scroll of enchant armour {unknown}
 i - a scroll of identify {unknown}
Potions
 a - a potion of haste {unknown}
 g - a potion of curing {unknown}


   Skills:
 + Level 1.0 Fighting
 + Level 2.1 Dodging
 + Level 2.3 Stealth
 * Level 2.7 Spellcasting
 * Level 2.0 Conjurations
 * Level 3.5 Fire Magic


You had one spell level left.
You knew the following spells:

 Your Spells              Type           Power      Damage    Failure   Level
a - Foxfire               Conj/Fire      44%        2x1d6     6%          1
b - Scorch                Fire           28%        2d6       6%          2
c - Flame Wave            Conj/Fire      11%        2d5       50%         4

Your spell library contained the following spells:

 Spells                   Type           Power      Damage    Failure   Level
 Conjure Flame            Conj/Fire      11%        6-21      17%         3
 Inner Flame              Hex/Fire       8%         N/A       26%         3
 Airstrike                Air            1%         N/A       87%         4
 Summon Lightning Spire   Summ/Air       2%         N/A       87%         4
 Lightning Bolt           Conj/Air       2%         1d14      97%         5


Dungeon Overview and Level Annotations

Branches:
Dungeon (2/15)

Altars:

Annotations:
D:2 Natasha


Innate Abilities, Weirdness & Mutations

Your plain brown scales are hard. (AC +5)
You cannot fit into any form of body armour.
You are cold-blooded and may be slowed by cold attacks.


Message History

The foxfire hits the iron imp.
The iron imp completely resists.
The iron imp closely misses you. Natasha claws you but does no damage.
You closely miss Natasha.
Natasha is almost dead.
The white imp gestures at you. The puff of frost hits you!
The iron imp hits you but does no damage.
Natasha barely misses you.
You hit Natasha but do no damage.
Natasha is almost dead.
The white imp hits you. The white imp freezes you. The iron imp hits you.
Natasha barely misses you.
You barely miss Natasha.
Natasha is severely wounded.
The white imp hits you. The white imp freezes you.
Natasha claws you but does no damage. The iron imp closely misses you.
You hit Natasha but do no damage.
Natasha is severely wounded.
The white imp gestures at you. The puff of frost misses you.
Natasha casts a spell at you. You resist with some effort.
You hit Natasha but do no damage.
Natasha is severely wounded.
The white imp shouts, "Scamper hence, thou cockered toenail-biting hugger-mugger!"
The white imp misses you. The iron imp barely misses you. Natasha claws you.
* * * LOW HITPOINT WARNING * * *
Your magical contamination has completely faded away.
You barely miss Natasha.
Natasha is severely wounded.
The white imp closely misses you. The iron imp barely misses you.
Natasha claws you but does no damage.
You closely miss Natasha.
Your tail-slap misses Natasha.
Natasha is severely wounded.
The white imp hits you.
* * * LOW HITPOINT WARNING * * *
The white imp freezes you.
* * * LOW HITPOINT WARNING * * *
The iron imp misses you. Natasha claws you.
You die...

..# #.##.#........##....... ..#
#.##.#........##..#....
...########.##.##'########..#.###
...............##.# #..#.#
.#..###.#########.########..#.###
.##.###.##.......................
...........................>#.##.
.###............5.#######.#.#.##.
#..#.#..#####@.# #.#.#.##.
...............h5# #.#.#.##.
###..#.#..#####..# #.#.#.##.
#....#........................
#.#..#..#####..#######.#.#.##. #
#..#... .... ....... .#..# ......
## #...


You could see an iron imp (summoned), Natasha and a white imp (summoned).

Vanquished Creatures
  Jessica (D:2)
  Robin (D:1)
  3 dart slugs (D:1)
  3 ball pythons
  6 bats (D:1)
  3 endoplasms (D:1)
  9 goblins (D:1)
  7 hobgoblins (D:1)
  3 kobolds (D:1)
  2 quokkas (D:1)
  A frilled lizard (D:1)
  A rat (D:2)
40 creatures vanquished.

Vanquished Creatures (others)
  75 foxfires
75 creatures vanquished.

Grand Total: 115 creatures vanquished

Notes
Turn   | Place    | Note
-------+----------+-------------------------------------------
     0 | D:1      | RascalDebosk the Draconian Fire Elementalist began the
                  | quest for the Orb.
     0 | D:1      | Reached XP level 1. HP: 14/14 MP: 3/3
   462 | D:1      | Found a faded altar of an unknown god.
   468 | D:1      | Reached XP level 2. HP: 20/20 MP: 3/5
  1252 | D:1      | Reached XP level 3. HP: 27/27 MP: 3/6
  1255 | D:1      | Learned a level 2 spell: Scorch
  1654 | D:2      | Noticed Robin
  1655 | D:2      | Noticed Jessica
  1677 | D:1      | Killed Robin
  2199 | D:2      | Killed Jessica
  2200 | D:2      | Reached skill level 1 in Fighting
  2200 | D:2      | Reached XP level 4. HP: 34/35 MP: 3/8
  2290 | D:2      | Learned a level 4 spell: Flame Wave
  2412 | D:2      | Noticed Natasha
  2430 | D:2      | Slain by Natasha

Illustrated notes

Levels and vault maps discovered:
D:1:      lightli_arrival_flooded_house, layout_basic, basic_ecumenical_altar
D:2:      layout_basic, uniq_robin, uniq_natasha, uniq_jessica

Skill      XL: |  1  2  3 |
---------------+----------+-----
Stealth        | 2 |  2.3
Dodging        | 2 |  2.1
Fighting       | 1 |  1.0
Conjurations   | 2 |  2.0
Spellcasting   | |  2.7
Fire Magic     | |  3.5

Action                   |  1- 3 |  4- 6 || total
-------------------------+-------+-------++-------
Melee: Unarmed           |     5 |       ||     5
       Dagger            |    34 |     8 ||    42
       Tailslap          |     1 |       ||     1
 Cast: Foxfire           |    46 |     5 ||    51
       Scorch            |     4 |     1 ||     5
Armor: Skin              |    39 |     5 ||    44
Dodge: Dodged            |    97 |    13 ||   110
